 Dungeon Crawl Stone Soup version 0.31-a0-210-gccc998df9b (webtiles) character file.

Game seed: 6100702721512178008

2494 ragingrage the Cleaver (level 9, -3/61 HPs)
             Began as a Formicid Artificer on June 29, 2023.
             Was a Priest of Okawaru.
             Killed from afar by an electric eel (14 damage)
             ... with a bolt of electricity
             ... on level 6 of the Dungeon.
             The game lasted 00:08:41 (7041 turns).

ragingrage the Cleaver (Formicid Artificer)         Turns: 7041, Time: 00:08:41

Health: -3/61      AC:  9    Str: 22    XL:     9   Next: 82%
Magic:  9/9        EV: 10    Int: 10    God:    Okawaru [***...]
Gold:   318        SH:  0    Dex: 14    Spells: 6/8 levels left

rFire   . . .        l - +0 war axe
rCold   . . .        (no shield)
rNeg    + . .        u - +1 scale mail {rN+}
rPois   .            (helmet unavailable)
rElec   .            (no cloak)
rCorr   .            a - +0 pair of gloves
SInv    +            (no boots)
Will    .....        k - amulet of faith
Stlth   +            r - +4 ring of slaying
HPRegen 0.30/turn    p - ring of flight
MPRegen 0.11/turn

%: faith
@: flying
A: permanent stasis, dig shafts and tunnels, antennae 3, four strong arms
a: Dig, Shaft Self, Renounce Religion, Heroism


You were on level 6 of the Dungeon.
You worshipped Okawaru.
Okawaru was most pleased with you.
You visited 2 branches of the dungeon, and saw 7 of its levels.

You collected 318 gold pieces.

Inventory:

Hand Weapons
 l - a +0 war axe (weapon)
Missiles
 b - 3 poisoned darts (quivered)
 B - 12 boomerangs
 D - 3 throwing nets
Armour
 a - a +0 pair of gloves (worn)
 d - a +0 kite shield
 m - a +0 ring mail
 u - a +1 scale mail of positive energy (worn)
Jewellery
 k - an amulet of faith (around neck)
 p - a ring of flight (right hand)
 r - a +4 ring of slaying (left hand)
Wands
 c - a wand of flame (3)
 e - a wand of iceblast (5)
 v - a wand of roots (5)
Scrolls
 g - 5 scrolls of immolation
 h - 4 scrolls of revelation
 j - a scroll of acquirement {unknown}
 q - a scroll of blinking {unknown}
 s - a scroll of silence {unknown}
 t - 2 scrolls of amnesia
 w - a scroll of enchant armour {unknown}
 y - a scroll of enchant weapon {unknown}
Potions
 f - a potion of resistance
 i - a potion of attraction
 n - 2 potions of cancellation
 o - 4 potions of enlightenment
 x - 2 potions of curing
 z - a potion of magic
 A - a potion of lignification
 E - a potion of mutation {unknown}


   Skills:
 - Level 1.7 Fighting
 + Level 10.3 Axes
 + Level 4.2 Armour
 - Level 0.8 Dodging
 - Level 2.6 Stealth
 - Level 6.0 Transmutations
 - Level 3.5 Evocations


You had 6 spell levels left.
You knew the following spells:

 Your Spells              Type           Power      Damage    Failure   Level
a - Wereblood             Tmut           12%        N/A       12%         2

Your spell library contained the following spells:

 Spells                   Type           Power      Damage    Failure   Level
 Beastly Appendage        Tmut           24%        N/A       9%          1
 Spider Form              Tmut/Pois      6%         N/A       63%         3
 Apportation              Tloc           0%         N/A       67%         1
 Magic Dart               Conj           0%         1d3       67%         1
 Necrotise                Necr           0%         1d4       67%         1
 Blade Hands              Tmut           6%         N/A       92%         5
 Mephitic Cloud           Conj/Pois/Air  0%         N/A       96%         3
 Portal Projectile        Hex/Tloc       0%         N/A       96%         3
 Summon Small Mammal      Summ           Unusable   N/A       N/A         1
 Call Imp                 Summ           Unusable   N/A       N/A         2
 Tukima's Dance           Hex            Unusable   N/A       N/A         3

Dungeon Overview and Level Annotations

Branches:
Dungeon (6/15)             Temple (1/1) D:5

Altars:
Ashenzari
Cheibriados
Dithmenos
Elyvilon
Fedhas
Gozag
Hepliaklqana
Kikubaaqudgha
Makhleb
Nemelex Xobeh
Okawaru
Qazlal
Ru
Sif Muna
Trog
Uskayaw
Vehumet
Wu Jian
Yredelemnul
Zin
The Shining One

Shops:
D:2 :


Innate Abilities, Weirdness & Mutations

You cannot be hasted, slowed, berserked, paralysed or teleported.
You can dig through walls and to a lower floor.
You have a pair of large antennae on your head. (SInv)
Your four strong arms can wield two-handed weapons with a shield.


Message History

The yak gores you but does no damage.
You hit the yak but do no damage. The yak gores you!
* * * LOW HITPOINT WARNING * * *
The electric eel shoots out a bolt of lightning at you!
The bolt of electricity misses you. The yak attacks as you move away!
The yak misses you.
Your primal bloodlust has ended.
You start resting.
An electric eel is nearby!
You see here a gnoll skeleton.
There is a large open door here.
You reach down and close the large door.
You start resting.
You reach down and open the large door.
There is a large open door here.
The electric eel shoots out a bolt of lightning at you!
The bolt of electricity hits you!
Aiming: Throw Flame
Press: ? - help, Shift-Dir - straight line, f - electric eel
Aim: an electric eel (water, 53% to hit)
The puff of flame hits the electric eel.
The electric eel is engulfed in a cloud of scalding steam.
The electric eel shoots out a bolt of lightning at you!
The bolt of electricity hits you!
The electric eel shoots out a bolt of lightning at you!
The bolt of electricity hits you!
You closely miss the electric eel. You punch the electric eel.
The electric eel shoots out a bolt of lightning at you!
The bolt of electricity hits you!
* * * LOW HITPOINT WARNING * * *
You closely miss the electric eel.
The yak bellows!
You hear a bellow!
You hit the electric eel but do no damage.
The electric eel shoots out a bolt of lightning at you!
The bolt of electricity hits you!
* * * LOW HITPOINT WARNING * * *
You closely miss the electric eel.
The electric eel shoots out a bolt of lightning at you!
The bolt of electricity hits you!
You die...

#..≈. ####......####..≈.
#..≈. #..'...÷..'..##÷≈.
#.Y≈.##..'......'..##.≈)
#.Y≈..####......####.)≈.
#..≈...##.......)##..)≈.
#..≈≈......#''#.(÷..≈≈≈.
#..≈≈≈....##.)##.).≈≈..)
#...†≈....##..##...≈....
#.#..≈.@...####....≈..>.
# ##.≈S.....##.....≈....
#..≈≈..........≈≈...#
#..#..≈≈≈≈≈≈≈≈≈≈≈≈....#
##....................#
##?......#####........
#######.. #.....#.. ###.
##....... .# .#....#


You could see 2 yaks and an electric eel.

Vanquished Creatures
  Eustachio (D:5)
  A wraith (D:5)
  3 yaks (D:6)
  Menkaure (D:5)
  2 water moccasins (D:6)
  2 ogres
  A bullfrog (D:6)
  3 gnoll sergeants (D:6)
  A scorpion (D:4)
  2 howler monkeys
  An electric eel (D:6)
  6 hounds (D:6)
  A jelly (D:5)
  A gnoll bouda (D:6)
  An iguana (D:4)
  2 orc wizards (D:3)
  24 gnolls
  12 adders
  A shadow imp (D:5)
  A white imp (D:5)
  2 ufetubi (D:5)
  A dart slug (D:3)
  12 orcs
  8 ball pythons
  6 bats
  10 endoplasms
  3 giant cockroaches
  10 goblins
  11 hobgoblins
  7 jackals
  9 quokkas
  3 frilled lizards
  6 kobolds
  4 rats
159 creatures vanquished.

Vanquished Creatures (collateral kills)
  A gnoll bouda (D:5)
  2 gnolls (D:5)
3 creatures vanquished.

Vanquished Creatures (others)
  2 gnolls
2 creatures vanquished.

Grand Total: 164 creatures vanquished

Notes
Turn   | Place    | Note
-------+----------+-------------------------------------------
     0 | D:1      | ragingrage the Formicid Artificer began the quest for the
                  | Orb.
     0 | D:1      | Reached XP level 1. HP: 15/15 MP: 1/1
   105 | D:1      | Reached XP level 2. HP: 21/21 MP: 2/2
   454 | D:1      | Reached XP level 3. HP: 13/27 MP: 3/3
   707 | D:2      | Reached skill level 1 in Axes
   778 | D:2      | Found a stormy altar of Qazlal.
   786 | D:2      | Found a faded altar of an unknown god.
   913 | D:2      | Found Kuasuosicoi's Book Shoppe.
  1022 | D:2      | Reached skill level 2 in Axes
  1022 | D:2      | Reached XP level 4. HP: 28/33 MP: 4/4
  1659 | D:3      | Learned a level 2 spell: Wereblood
  1826 | D:3      | Reached skill level 3 in Axes
  1826 | D:3      | Reached XP level 5. HP: 38/38 MP: 5/5
  1831 | D:3      | Reached skill level 1 in Transmutations
  2590 | D:3      | Reached XP level 6. HP: 37/44 MP: 3/6
  2913 | D:4      | Reached skill level 4 in Axes
  3993 | D:5      | Entered Level 5 of the Dungeon
  4018 | D:5      | Noticed Eustachio
  4204 | D:5      | Reached XP level 7. HP: 36/49 MP: 7/7
  4211 | D:5      | Killed Eustachio
  4212 | D:5      | Reached skill level 5 in Axes
  4709 | D:5      | Found a staircase to the Ecumenical Temple.
  4718 | Temple   | Entered the Ecumenical Temple
  4793 | Temple   | Became a worshipper of Warmaster Okawaru
  4926 | D:5      | Reached skill level 5 in Transmutations
  4949 | D:5      | Noticed Menkaure
  4960 | D:5      | Killed Menkaure
  4961 | D:5      | Reached skill level 6 in Axes
  4961 | D:5      | Reached XP level 8. HP: 29/55 MP: 5/8
  5319 | D:6      | Reached skill level 7 in Axes
  5889 | D:6      | Reached * piety under Okawaru
  6047 | D:6      | Reached skill level 8 in Axes
  6163 | D:6      | Noticed a wraith
  6234 | D:6      | Reached XP level 9. HP: 52/61 MP: 9/9
  6325 | D:6      | Reached ** piety under Okawaru
  6375 | D:6      | Reached skill level 9 in Axes
  6413 | D:5      | HP: 2/61 [wraith (10)]
  6832 | D:6      | Reached skill level 10 in Axes
  6843 | D:6      | Reached *** piety under Okawaru
  7041 | D:6      | Killed from afar by an electric eel

Illustrated notes

Levels and vault maps discovered:
D:1:      erik_arrival_orb_chamber, layout_rooms
D:2:      layout_loops_corners, hellmonk_ecumenical_altar_blasted, basic_altar,
          serial_shops, nicolae_shop_behind_doors, kennysheep_generic_room_16
D:3:      minmay_inner_zag, layout_loops_corners, serial_forest,
          infiniplex_forest_lined_1, infiniplex_forest_lined_1,
          infiniplex_forest_lined_room_3, infiniplex_forest_end_3,
          infiniplex_forest_straight_3, infiniplex_forest_lined_3_way,
          infiniplex_forest_lined_3
D:4:      layout_loops_corners, minivault_14
D:5:      layout_loops_ring, minmay_temple_entry_poolview, uniq_eustachio,
          uniq_menkaure
D:6:      layout_cave_pools, serial_gnoll_camp, gnoll_camp_mini_hut,
          gnoll_camp_mini_doghouse, gnoll_camp_huts_moat, gnoll_camp_mini_hut
Temple:   compressed_dpeg_circular_temple

Skill      XL: |  1  2  3  4  5  6  7  8  9 |
---------------+----------------------------+-----
Stealth        | 2 |  2.6
Axes           | 2 3 4 6 8 10 | 10.3
Transmutations | 2 3 5 6 |  6.0
Armour         | 4 |  4.2
Fighting       | |  1.7
Dodging        | |  0.8
Evocations     | |  3.5

Action                     |  1- 3 |  4- 6 |  7- 9 || total
---------------------------+-------+-------+-------++-------
  Melee: Spear             |    59 |       |       ||    59
         Club              |     2 |       |       ||     2
         Punch             |     3 |     1 |     4 ||     8
         War axe           |    59 |   163 |   208 ||   430
  Throw: Dart              |       |       |     2 ||     2
   Cast: Wereblood         |       |     7 |    15 ||    22
 Invoke: Heroism           |       |       |     1 ||     1
  Evoke: Wand              |     2 |     6 |    10 ||    18
    Use: Scroll            |       |     5 |     6 ||    11
         Potion            |       |     2 |     3 ||     5
   Stab: Sleeping          |     3 |     7 |       ||    10
         Distracted        |       |       |     1 ||     1
 Armour: Leather armour    |    21 |       |       ||    21
         Ring mail         |    24 |    82 |    73 ||   179
         Scale mail        |       |       |    11 ||    11
  Dodge: Dodged            |    72 |    63 |   145 ||   280

Table legend: (Time is in decaauts)
 A = Elapsed time spent in this place.
 B = Non-inter-level travel time spent in this place.
 C = Inter-level travel time spent in this place.
 D = Time resting spent in this place.
 E = Time spent auto-exploring this place.
 F = Levels seen in this place.
 G = Mean time per level.
                   A        B        C        D        E       F      G
               +--------+--------+--------+--------+--------+-----+--------+
         Total |   7149 |   6944 |    205 |   1711 |   3519 |   7 | 1021.3 |
       Dungeon |   7065 |   6870 |    195 |   1711 |   3463 |   6 | 1177.5 |
        Temple |     84 |     74 |     10 |      0 |     56 |   1 |   84.0 |
               +--------+--------+--------+--------+--------+-----+--------+

Top non-repeatable levels by time:
     D:5: 1429 daAuts
     D:3: 1391 daAuts
     D:6: 1389 daAuts
     D:4: 1296 daAuts
     D:2: 916 daAuts
     D:1: 642 daAuts
  Temple: 84 daAuts
